 Dungeon Crawl Stone Soup version 0.15-a0-1439-g2e54579 (webtiles) character file.

20 Crauler the Insei (level 2, -1/18 HPs)
             Began as an Octopode Transmuter on June 12, 2014.
             Slain by a gnoll
             ... wielding a cursed +0,-3 spear
              (8 damage)
             ... on Level 1 of the Dungeon.
             The game lasted 00:00:53 (439 turns).

Crauler the Insei (Octopode Transmuter)              Turns: 439, Time: 00:00:54

HP  -1/18        AC  1     Str  9      XL: 2   Next: 79%
MP   5/5         EV 12     Int 15      God:
Gold 40          SH  0     Dex 12      Spells:  1 memorised,  4 levels left

rFire  . . .     SeeInvis .       - Unarmed
rCold  . . .     Clarity  .     (no shield)
rNeg   . . .     rCorr    .     (helmet restricted)
rPois  .         rRot     .     (no amulet)
rElec  .         Spirit   .     (no ring)
SustAb .         Warding  .     (no ring)
rMut   .         Stasis   .     (no ring)
Gourm  .                        (no ring)
MR     .....                    (no ring)
                                (no ring)
                                (no ring)
                                (no ring)

@: not resistant to hostile enchantments, unstealthy
A: almost no armour, amphibious, 8 rings, constrict 8, camouflage 1, gelatinous
body 1
a: no special abilities


You were on level 1 of the Dungeon.
You were not hungry.

You visited 1 branch of the dungeon, and saw 1 of its levels.

You collected 40 gold pieces.

Inventory:

Missiles
 b - 12 arrows
Comestibles
 a - a bread ration
Scrolls
 f - a scroll of noise {unknown}
 h - a scroll of magic mapping {unknown}
 i - a scroll of recharging {unknown}
 j - a scroll of remove curse {unknown}
 k - a scroll of enchant weapon I {unknown}
Jewellery
 c - a +3 ring of evasion {unknown}
Potions
 e - a potion of paralysis {unknown}
 g - a potion of resistance {unknown}
Books
 d - a book of Changes

   Spells                             Type                      Level
   *Beastly Appendage                 Transmutation                1
   Sticks to Snakes                   Transmutation                2
   Spider Form                        Transmutation/Poison         3
   Ice Form                           Ice/Transmutation            4
   Blade Hands                        Transmutation                5


   Skills:
 + Level 1.2 Fighting
 * Level 2.4 Dodging
 + Level 0.0 Stealth
 * Level 3.1 Unarmed Combat
 + Level 2.3 Spellcasting
 * Level 2.2 Transmutations


You had 4 spell levels left.
You knew the following spells:

 Your Spells              Type           Power        Failure   Level  Hunger
a - Beastly Appendage     Trmt           #.....       12%         1    #......


Dungeon Overview and Level Annotations

Branches:
Dungeon (1/15)

Altars:


Innate Abilities, Weirdness & Mutations

You cannot wear most types of armour.
You are amphibious.
You can wear up to eight rings at the same time.
You can use your tentacles to constrict many enemies at once.
Your skin changes colour to match your surroundings (Stealth).
Your rubbery body absorbs attacks (AC +1).


Message History

You barely miss the giant gecko.
You squeeze the giant gecko, but do no damage.
The giant gecko is moderately wounded.
You constrict the giant gecko. The giant gecko barely misses you.
The kobold throws a stone.
The stone closely misses you.
The gnoll hits you from afar with a spear.
There are monsters nearby!
You tentacle-slap the giant gecko.
You kill the giant gecko!
The gnoll closely misses you.
There are monsters nearby!
The gnoll barely misses you.
There are monsters nearby!
You tentacle-slap the gnoll. Your grab misses the gnoll.
The gnoll is moderately wounded.
There are monsters nearby!
You barely miss the gnoll. Your grab misses the gnoll.
The gnoll is moderately wounded.
The gnoll hits you with a spear!
You die...

### .....# # ......#
##...# #......#
##.....## #......#
#.......# #.....(#
#.......# #.....K#
.......###?.....##
#..........>..%@g#
##.....#######.(#.###.#
...............(........
#.......######.##..##.#
..........####.# .....
...............# .###.#
..........###..# .#
......>)..# #..##.#
..........###..##.#


You could see a gnoll and a kobold.

Vanquished Creatures
  3 giant geckos (D:1)
  3 bats (D:1)
  5 goblins (D:1)
  A hobgoblin (D:1)
  A giant cockroach (D:1)
  2 kobolds (D:1)
15 creatures vanquished.

Notes
Turn   | Place    | Note
--------------------------------------------------------------
     0 | D:1      | Crauler, the Octopode Transmuter, began the quest for the Orb.
     0 | D:1      | Reached XP level 1. HP: 13/13 MP: 3/3
    77 | D:1      | Reached XP level 2. HP: 6/18 MP: 5/5
   439 | D:1      | Slain by a gnoll

Action                   || total
-------------------------++-------
Melee: Unarmed           ||    32
 Cast: Beastly Appendage ||     1
 Stab: Sleeping          ||     1
